Workbook

Sheet Suivi
A1: Suivi budgétaire : budget, engagé, réalisé, reste à consommer
A2: Une ligne par poste budgétaire. L'atterrissage est votre estimation de la dépense totale en fin d'exercice.
A3: Seuil d'alerte (part consommée) | B3: 0.85
A4: Mois écoulés dans l'exercice | B4: 8
A6: Poste budgétaire | B6: Service ou projet | C6: Budget voté | D6: Engagé (commandes en cours) | E6: Réalisé (facturé) | F6: Consommé (engagé + réalisé) | G6: Reste disponible | H6: Part consommée | I6: Consommation attendue au prorata | J6: Atterrissage fin d'exercice | K6: Écart atterrissage vs budget | L6: Alerte
A7: Salaires et charges | B7: Structure | C7: 480000 | D7: 0 | E7: 322000 | F7: =D7+E7 | G7: =C7-F7 | H7: =IF(C7=0,0,F7/C7) | I7: =C7*$B$4/12 | J7: 486000 | K7: =J7-C7 | L7: =IF(H7>=$B$3,"Seuil atteint",IF(F7>I7*1.1,"En avance",IF(J7>C7,"Dépassement prévu","")))
A8: Honoraires et prestations | B8: Structure | C8: 36000 | D8: 4500 | E8: 27800 | F8: =D8+E8 | G8: =C8-F8 | H8: =IF(C8=0,0,F8/C8) | I8: =C8*$B$4/12 | J8: 38000 | K8: =J8-C8 | L8: =IF(H8>=$B$3,"Seuil atteint",IF(F8>I8*1.1,"En avance",IF(J8>C8,"Dépassement prévu","")))
A9: Loyers et charges locatives | B9: Structure | C9: 42000 | D9: 0 | E9: 28000 | F9: =D9+E9 | G9: =C9-F9 | H9: =IF(C9=0,0,F9/C9) | I9: =C9*$B$4/12 | J9: 42000 | K9: =J9-C9 | L9: =IF(H9>=$B$3,"Seuil atteint",IF(F9>I9*1.1,"En avance",IF(J9>C9,"Dépassement prévu","")))
A10: Informatique et abonnements | B10: Structure | C10: 18000 | D10: 1200 | E10: 13900 | F10: =D10+E10 | G10: =C10-F10 | H10: =IF(C10=0,0,F10/C10) | I10: =C10*$B$4/12 | J10: 19500 | K10: =J10-C10 | L10: =IF(H10>=$B$3,"Seuil atteint",IF(F10>I10*1.1,"En avance",IF(J10>C10,"Dépassement prévu","")))
A11: Communication | B11: Développement | C11: 15000 | D11: 2000 | E11: 6100 | F11: =D11+E11 | G11: =C11-F11 | H11: =IF(C11=0,0,F11/C11) | I11: =C11*$B$4/12 | J11: 12000 | K11: =J11-C11 | L11: =IF(H11>=$B$3,"Seuil atteint",IF(F11>I11*1.1,"En avance",IF(J11>C11,"Dépassement prévu","")))
A12: Déplacements et missions | B12: Développement | C12: 12000 | D12: 800 | E12: 9700 | F12: =D12+E12 | G12: =C12-F12 | H12: =IF(C12=0,0,F12/C12) | I12: =C12*$B$4/12 | J12: 14000 | K12: =J12-C12 | L12: =IF(H12>=$B$3,"Seuil atteint",IF(F12>I12*1.1,"En avance",IF(J12>C12,"Dépassement prévu","")))
A13: Formation | B13: Ressources humaines | C13: 9000 | D13: 3000 | E13: 2400 | F13: =D13+E13 | G13: =C13-F13 | H13: =IF(C13=0,0,F13/C13) | I13: =C13*$B$4/12 | J13: 8000 | K13: =J13-C13 | L13: =IF(H13>=$B$3,"Seuil atteint",IF(F13>I13*1.1,"En avance",IF(J13>C13,"Dépassement prévu","")))
A14: Fournitures et petit équipement | B14: Structure | C14: 8000 | D14: 400 | E14: 5900 | F14: =D14+E14 | G14: =C14-F14 | H14: =IF(C14=0,0,F14/C14) | I14: =C14*$B$4/12 | J14: 8500 | K14: =J14-C14 | L14: =IF(H14>=$B$3,"Seuil atteint",IF(F14>I14*1.1,"En avance",IF(J14>C14,"Dépassement prévu","")))
A15: Projet Alpha : achats | B15: Projet Alpha | C15: 60000 | D15: 12000 | E15: 41000 | F15: =D15+E15 | G15: =C15-F15 | H15: =IF(C15=0,0,F15/C15) | I15: =C15*$B$4/12 | J15: 62000 | K15: =J15-C15 | L15: =IF(H15>=$B$3,"Seuil atteint",IF(F15>I15*1.1,"En avance",IF(J15>C15,"Dépassement prévu","")))
A16: Projet Alpha : sous-traitance | B16: Projet Alpha | C16: 45000 | D16: 9000 | E16: 22000 | F16: =D16+E16 | G16: =C16-F16 | H16: =IF(C16=0,0,F16/C16) | I16: =C16*$B$4/12 | J16: 44000 | K16: =J16-C16 | L16: =IF(H16>=$B$3,"Seuil atteint",IF(F16>I16*1.1,"En avance",IF(J16>C16,"Dépassement prévu","")))
A17: Projet Bêta : achats | B17: Projet Bêta | C17: 30000 | D17: 0 | E17: 8500 | F17: =D17+E17 | G17: =C17-F17 | H17: =IF(C17=0,0,F17/C17) | I17: =C17*$B$4/12 | J17: 20000 | K17: =J17-C17 | L17: =IF(H17>=$B$3,"Seuil atteint",IF(F17>I17*1.1,"En avance",IF(J17>C17,"Dépassement prévu","")))
A18: Investissements | B18: Structure | C18: 25000 | D18: 6000 | E18: 12000 | F18: =D18+E18 | G18: =C18-F18 | H18: =IF(C18=0,0,F18/C18) | I18: =C18*$B$4/12 | J18: 24000 | K18: =J18-C18 | L18: =IF(H18>=$B$3,"Seuil atteint",IF(F18>I18*1.1,"En avance",IF(J18>C18,"Dépassement prévu","")))
A19: TOTAL | C19: =SUM(C7:C18) | D19: =SUM(D7:D18) | E19: =SUM(E7:E18) | F19: =SUM(F7:F18) | G19: =SUM(G7:G18) | H19: =IF(C19=0,0,F19/C19) | I19: =SUM(I7:I18) | J19: =SUM(J7:J18) | K19: =SUM(K7:K18) | L19: =COUNTIF(L7:L18,"<>")&" alerte(s)"
A21: Consommation attendue au prorata : budget voté multiplié par les mois écoulés sur douze. Une consommation supérieure de plus de 10 % à ce prorata déclenche « En avance ».

Sheet Mensuel
A1: Réalisé mensuel et cumul contre budget
A2: Mois écoulés (repris de l'onglet Suivi) | B2: =Suivi!B4
A4: Poste budgétaire | B4: Budget annuel | C4: Janv. | D4: Févr. | E4: Mars | F4: Avr. | G4: Mai | H4: Juin | I4: Juil. | J4: Août | K4: Sept. | L4: Oct. | M4: Nov. | N4: Déc. | O4: Cumul réalisé | P4: Budget au prorata | Q4: Écart cumul
A5: =Suivi!A7 | B5: =Suivi!C7 | C5: 36000 | D5: 41600 | E5: 38400 | F5: 44000 | G5: 40800 | H5: 37600 | I5: 43200 | J5: 40000 | O5: =SUM(C5:N5) | P5: =B5*$B$2/12 | Q5: =O5-P5
A6: =Suivi!A8 | B6: =Suivi!C8 | C6: 2760 | D6: 3180 | E6: 2940 | F6: 2700 | G6: 3120 | H6: 2880 | I6: 3300 | J6: 3060 | O6: =SUM(C6:N6) | P6: =B6*$B$2/12 | Q6: =O6-P6
A7: =Suivi!A9 | B7: =Suivi!C9 | C7: 3290 | D7: 3780 | E7: 3500 | F7: 3220 | G7: 3710 | H7: 3430 | I7: 3150 | J7: 3640 | O7: =SUM(C7:N7) | P7: =B7*$B$2/12 | Q7: =O7-P7
A8: =Suivi!A10 | B8: =Suivi!C10 | C8: 1440 | D8: 1650 | E8: 1530 | F8: 1410 | G8: 1620 | H8: 1500 | I8: 1380 | J8: 1590 | O8: =SUM(C8:N8) | P8: =B8*$B$2/12 | Q8: =O8-P8
A9: =Suivi!A11 | B9: =Suivi!C11 | C9: 1225 | D9: 1125 | E9: 1300 | F9: 1200 | G9: 1375 | H9: 1275 | I9: 1175 | J9: 1350 | O9: =SUM(C9:N9) | P9: =B9*$B$2/12 | Q9: =O9-P9
A10: =Suivi!A12 | B10: =Suivi!C12 | C10: 1000 | D10: 920 | E10: 1060 | F10: 980 | G10: 900 | H10: 1040 | I10: 960 | J10: 1100 | O10: =SUM(C10:N10) | P10: =B10*$B$2/12 | Q10: =O10-P10
A11: =Suivi!A13 | B11: =Suivi!C13 | C11: 765 | D11: 705 | E11: 810 | F11: 750 | G11: 690 | H11: 795 | I11: 735 | J11: 675 | O11: =SUM(C11:N11) | P11: =B11*$B$2/12 | Q11: =O11-P11
A12: =Suivi!A14 | B12: =Suivi!C14 | C12: 693 | D12: 640 | E12: 733 | F12: 680 | G12: 627 | H12: 720 | I12: 667 | J12: 613 | O12: =SUM(C12:N12) | P12: =B12*$B$2/12 | Q12: =O12-P12
A13: =Suivi!A15 | B13: =Suivi!C15 | C13: 5300 | D13: 4900 | E13: 4500 | F13: 5200 | G13: 4800 | H13: 5500 | I13: 5100 | J13: 4700 | O13: =SUM(C13:N13) | P13: =B13*$B$2/12 | Q13: =O13-P13
A14: =Suivi!A16 | B14: =Suivi!C16 | C14: 4050 | D14: 3750 | E14: 3450 | F14: 3975 | G14: 3675 | H14: 3375 | I14: 3900 | J14: 3600 | O14: =SUM(C14:N14) | P14: =B14*$B$2/12 | Q14: =O14-P14
A15: =Suivi!A17 | B15: =Suivi!C17 | C15: 2750 | D15: 2550 | E15: 2350 | F15: 2700 | G15: 2500 | H15: 2300 | I15: 2650 | J15: 2450 | O15: =SUM(C15:N15) | P15: =B15*$B$2/12 | Q15: =O15-P15
A16: =Suivi!A18 | B16: =Suivi!C18 | C16: 1875 | D16: 2167 | E16: 2000 | F16: 2292 | G16: 2125 | H16: 1958 | I16: 2250 | J16: 2083 | O16: =SUM(C16:N16) | P16: =B16*$B$2/12 | Q16: =O16-P16
A17: TOTAL | B17: =SUM(B5:B16) | C17: =SUM(C5:C16) | D17: =SUM(D5:D16) | E17: =SUM(E5:E16) | F17: =SUM(F5:F16) | G17: =SUM(G5:G16) | H17: =SUM(H5:H16) | I17: =SUM(I5:I16) | ... Q17: =SUM(Q5:Q16)

Sheet Notice
A1: Notice d'utilisation
A3: Cellules à remplir : texte bleu sur fond jaune pâle. Les autres cellules contiennent des formules, ne les écrasez pas.
A4: Les montants d'exemple sont des ordres de grandeur, à remplacer par vos propres chiffres.
A5: Onglet Suivi :
A6: Budget voté : le montant validé par vos instances. Engagé : les commandes et contrats signés non encore facturés. Réalisé : les factures comptabilisées. Le consommé additionne les deux, le reste disponible en découle.
A7: La part consommée se compare à la consommation attendue au prorata du temps écoulé. L'atterrissage est votre estimation de la dépense totale à la clôture : c'est lui qui alimente la reprévision.
A8: La colonne Alerte signale un poste qui a atteint le seuil, qui consomme plus vite que le prorata (+10 %) ou dont l'atterrissage dépasse le budget.
A9: Onglet Mensuel :
A10: Saisissez le réalisé de chaque mois. Le budget au prorata prend le budget annuel divisé par douze ; remplacez la formule si votre activité est saisonnière.
A11: Pour aller plus loin :
A12: Budgetic tient ce suivi automatiquement, par projet, service et financeur, en lisant vos écritures comptables et vos engagements : app.budgetic.eu.
A14: Modèle proposé par Budgetic, budgetic.eu. Libre d'usage.
